 Dungeon Crawl Stone Soup version 0.20.1-1-g8b1a95d (console) character file.

133 hilaritas the Digger (level 5, -1/28 HPs)
             Began as a Gargoyle Earth Elementalist on Oct 8, 2017.
             Killed from afar by a white imp (2 damage)
             ... with a puff of frost
             ... summoned by juspike's ghost
             ... on level 3 of the Dungeon.
             The game lasted 00:05:09 (2239 turns).

hilaritas the Digger (Gargoyle Earth Elementalist)  Turns: 2239, Time: 00:05:11

Health: -1/28      AC:  8    Str: 12    XL:     5   Next: 16%
Magic:  0/9        EV: 12    Int: 21    God:
Gold:   92         SH:  0    Dex: 10    Spells: 1/10 levels left

rFire    + . .     SeeInvis .   f - +0 whip (pain)
rCold    + . .     Gourm    .   (no shield)
rNeg     + . .     Faith    .   c - +0 robe
rPois    ∞         Spirit   .   l - +0 helmet
rElec    +         Reflect  .   (no cloak)
rCorr    +         Harm     .   i - +0 pair of gloves
MR       .....                  (no boots)
Stlth    ++........             (no amulet)
Regen    0.1/turn               (no ring)
MPRegen  0.2/turn               (no ring)

@: brilliant, resistant, flying
A: negative energy resistance 1, electricity resistance, unbreathing,
petrification resistance, rot immunity, AC +4
a: no special abilities


You were on level 3 of the Dungeon.
You were hungry.

You visited 1 branch of the dungeon, and saw 3 of its levels.

You collected 92 gold pieces.

Inventory:

Hand Weapons
 f - a +0 whip of pain (weapon)
Missiles
 b - 70 stones (quivered)
Armour
 c - a +0 robe (worn)
 i - a +0 pair of gloves (worn)
 l - a +0 helmet (worn)
Jewellery
 a - a +4 ring of slaying {unknown}
 q - an uncursed ring of see invisible {unknown}
 r - a +3 ring of strength {unknown}
Wands
 x - a wand of confusion (29/48)
 y - a wand of flame (24/48)
Scrolls
 g - a scroll of remove curse
 h - 4 scrolls of identify {unknown}
 j - a scroll of enchant armour {unknown}
 m - 2 scrolls of enchant weapon {unknown}
 n - a scroll of recharging {unknown}
 s - 2 scrolls of teleportation {unknown}
 t - a scroll of fog {unknown}
 u - a scroll of fear {unknown}
Books
 e - a book of Geomancy

   Spells                             Type                      Level
   a - Sandblast                      Earth                        1
   b - Passwall                       Transmutation/Earth          2
   c - Stone Arrow                    Conjuration/Earth            3
   d - Petrify                        Transmutation/Earth          4
   e - Lee's Rapid Deconstruction     Earth                        5
Comestibles
 d - 3 bread rations
 p - 3 fruits
 w - a royal jelly


   Skills:
 - Level 1.5 Dodging
 - Level 2.1 Stealth
 * Level 3.0 Spellcasting
 - Level 2.6 Conjurations
   Level 0.7 Transmutations
 - Level 5.0 Earth Magic


You had one spell level left.
You knew the following spells:

 Your Spells              Type           Power        Failure   Level  Hunger
a - Sandblast             Erth           #####.       1%          1    None
b - Stone Arrow           Conj/Erth      ####..       1%          3    ###....
c - Lee's Rapid Deconstr  Erth           #####.....   5%          5    ######.


Dungeon Overview and Level Annotations

Branches:
Dungeon (3/15)

Altars:
Fedhas

Annotations:
D:3 juspike's ghost, amateur MfSu


Innate Abilities, Weirdness & Mutations

You are resistant to torment.
Your stone body is resilient. (AC +4)
You are immune to poison.
You resist negative energy. (rN+)
You are resistant to electric shocks. (rElec)
You can survive without breathing.
You are immune to petrification.
You are immune to rotting.


Message History

It was a potion of resistance.
You feel protected. Juspike's ghost barely misses you.
The white imp closely misses you. The shadow imp gestures at you.
Pain shoots through your body!
* * * LOW HITPOINT WARNING * * *
The white imp closely misses you.
Casting: Sandblast
Confirm with . or Enter, or press ? or * to list all spells.
Aiming: Sandblast
Press: ? - help, Shift-Dir - straight line, f/p - juspike's ghost
Aim: juspike's ghost, wielding a weapon of freezing (almost destroyed)
The blast of sand hits juspike's ghost.
Juspike's ghost is almost destroyed.
b - 70 stones Juspike's ghost barely misses you.
The white imp misses you. The shadow imp closely misses you.
The white imp gestures at you. The puff of frost hits you! You resist.
You die...

#...# #......... #...#
#......... #...#
#......... .########...#
#......... ........#...#
#......... ........#...#
#......... .....$..'...#
#.........
........#...###.........
........#....##.........
PP....5W#..............#
PP....5@#..............#
_PP...5.#..............#
PPP.?...#..............#
PP......#...............
........#...............
........#..............
........#....######...
.........


You could see juspike's ghost, 2 white imps and a shadow imp.

Vanquished Creatures
  Jessica (D:2)
  4 gnolls (D:2)
  2 adders
  An ooze (D:2)
  A worm (D:2)
  A dart slug (D:1)
  2 leopard geckos
  An orc (D:3)
  A ball python (D:1)
  4 bats
  2 giant cockroaches
  7 goblins
  3 hobgoblins
  A kobold (D:2)
  3 quokkas
  4 frilled lizards
  2 rats (D:1)
40 creatures vanquished.

Notes
Turn   | Place    | Note
-------+----------+-------------------------------------------
     0 | D:1      | hilaritas the Gargoyle Earth Elementalist began the quest for the Orb.
     0 | D:1      | Reached XP level 1. HP: 10/10 MP: 3/3
   221 | D:1      | Reached skill level 4 in Earth Magic
   456 | D:1      | Reached XP level 2. HP: 15/15 MP: 3/5
  1080 | D:1      | Reached skill level 5 in Earth Magic
  1080 | D:1      | Reached XP level 3. HP: 19/19 MP: 3/6
  1085 | D:1      | Learned a level 3 spell: Stone Arrow
  1364 | D:2      | Reached skill level 1 in Conjurations
  1465 | D:2      | Noticed Jessica
  1472 | D:2      | Killed Jessica
  1472 | D:2      | Reached XP level 4. HP: 24/24 MP: 2/7
  1633 | D:2      | Reached XP level 5. HP: 9/28 MP: 0/9
  1915 | D:2      | Learned a level 5 spell: Lee's Rapid Deconstruction
  2203 | D:3      | Noticed juspike's ghost (amateur MfSu)
  2203 | D:3      | Found a blossoming altar of Fedhas.
  2238 | D:3      | HP: 1/28 [shadow imp/nerve-wracking pain[juspike's ghost] (1)]
  2239 | D:3      | Killed from afar by a white imp

Skill      XL: |  1  2  3  4  5 |
---------------+----------------+-----
Earth Magic    | 4 5 |  5.0
Conjurations   | 2 |  2.6
Spellcasting   | 3 |  3.0
Dodging        | |  1.5
Stealth        | |  2.1
Transmutations | |  0.7

Action                   |  1- 3 |  4- 6 || total
-------------------------+-------+-------++-------
Melee: Unarmed           |     1 |    21 ||    22
       Whip              |       |    22 ||    22
 Cast: Sandblast         |    34 |    29 ||    63
       Stone Arrow       |       |     1 ||     1
  Use: Scroll            |     1 |       ||     1
       Potion            |       |     7 ||     7
  Eat: Chunk             |     2 |     2 ||     4
Armor: Robe              |     3 |    35 ||    38
Dodge: Dodged            |     3 |    56 ||    59
